[Event "MPL-1 Indian Chess Tour 2022"]
[Site "Online"]
[Date "2022.03.31"]
[Round "1.8"]
[White "Gukesh D"]
[Black "raunaksadhwani"]
[Result "1-0"]
[ECO "E39"]
[WhiteElo "2614"]
[BlackElo "2005"]
[Annotator "RC"]
[PlyCount "85"]
[EventDate "2022.03.30"]
[EventType "tourn"]
[EventCountry "NET"]
[SourceTitle "playchess.com"]
[Source "ChessBase"]
[SourceQuality "1"]
[TimeControl "5400+30"]

1. d4 Nf6 2. c4 e6 3. Nf3 d5 4. Nc3 Bb4 5. Qb3 c5 6. dxc5 Na6 7. a3 Bxc3+ 8. Qxc3 Nxc5 9. b4 Nce4 10. Qd4 O-O 11. cxd5 Qxd5 12. Qxd5 exd5 13. Nd4 Bd7 14. f3 Nd6 15. e3 Nf5 16. Nxf5 Bxf5 17. g4 Bg6 18. Bb2 Rac8 19. Rg1 Nd7 20. h4 f6 21. h5 Bf7 22. Bd4 Ne5 23. Be2 Nc6 24. Bb2 d4 25. b5 Na5 26. Bxd4 Nb3 27. Rd1 Nxd4 28. Rxd4 Rc3 29. Kf2 Rxa3 30. Rc1 f5 31. gxf5 Bxh5 32. Rc7 Ra2 33. e4 g5 34. Ke3 Ra3+ 35. Bd3 Rf7 36. Rxf7 Kxf7 37. e5 Ke7 38. Ke4 Bf7 39. Bc4 Bh5 40. f6+ Ke8 41. e6 Rxf3 42. f7+ Kf8 43. Rd8+ 1-0

[Event "MPL-1 Indian Chess Tour 2022"]
[Site "Online"]
[Date "2022.03.31"]
[Round "2.1"]
[White "Sethuraman, S.P."]
[Black "Sadhwani, Raunak"]
[Result "0-1"]
[ECO "E33"]
[WhiteElo "2619"]
[BlackElo "2616"]
[Annotator "ChessBase"]
[PlyCount "110"]
[EventDate "2022.03.30"]
[EventType "tourn"]
[EventCountry "NET"]
[SourceTitle "playchess.com"]
[Source "ChessBase"]
[SourceQuality "1"]
[TimeControl "5400+30"]

1. d4 Nf6 2. c4 e6 3. Nc3 Bb4 4. Qc2 Nc6 5. e3 a5 6. Bd3 d6 7. Nge2 e5 8. O-O Bxc3 9. bxc3 O-O 10. e4 Re8 11. f4 exd4 12. Nxd4 Bd7 13. Bd2 h6 14. Rae1 Re7 15. c5 dxc5 16. Nxc6 Bxc6 17. e5 Rd7 18. exf6 Rxd3 19. Be3 Qd7 20. f5 Re8 21. Qf2 Qd5 22. c4 Qxg2+ 23. Qxg2 Bxg2 24. Bxh6 Rxe1 25. Rxe1 gxh6 26. Kxg2 Rd6 27. Re7 Rxf6 28. Rxc7 b6 29. Rb7 Kg7 30. Kg3 Rd6 31. Kf4 Kf6 32. Kf3 h5 33. Kg3 Kxf5 34. Rxf7+ Ke4 35. Kh4 Rd2 36. Re7+ Kf5 37. h3 Rxa2 38. Kxh5 Ra4 39. Rb7 Rb4 40. h4 a4 41. Rb8 a3 42. Ra8 Rxc4 43. Rxa3 b5 44. Rf3+ Rf4 45. Rd3 Ke5 46. Kg5 Rf8 47. Kg6 c4 48. Rd7 b4 49. h5 c3 50. h6 c2 51. Rc7 b3 52. Kg7 Rb8 53. h7 b2 54. Rxc2 b1=Q 55. Re2+ Kf4 0-1

[Event "MPL-1 Indian Chess Tour 2022"]
[Site "Online"]
[Date "2022.03.27"]
[Round "3.5"]
[White "Karthikeyan, Murali"]
[Black "Puranik, Abhimanyu"]
[Result "1-0"]
[ECO "D71"]
[WhiteElo "2622"]
[BlackElo "2618"]
[Annotator "ChessBase"]
[PlyCount "93"]
[EventDate "2022.03.30"]
[EventType "tourn"]
[EventCountry "NET"]
[SourceTitle "playchess.com"]
[Source "ChessBase"]
[SourceQuality "1"]
[TimeControl "5400+30"]

1. Nf3 Nf6 2. c4 c5 3. Nc3 d5 4. cxd5 Nxd5 5. d4 Nxc3 6. bxc3 g6 7. g3 Bg7 8. Bg2 Nc6 9. d5 Nb4 10. cxb4 Bxa1 11. bxc5 Qa5+ 12. Bd2 Bc3 13. Qc2 Bxd2+ 14. Nxd2 O-O 15. O-O Bd7 16. d6 exd6 17. Ne4 Bf5 18. Nf6+ Kh8 19. e4 Be6 20. Qc1 Qd8 21. Qa1 dxc5 22. Rd1 Qa5 23. Qe5 Rad8 24. Nd5+ f6 25. Qxe6 Qxa2 26. h4 Qb2 27. Qe7 c4 28. Ne3 Rde8 29. Qc5 Rc8 30. Qxa7 c3 31. Qd4 Qa3 32. Nc2 Qe7 33. Qb6 Rfd8 34. Rd5 Kg7 35. Bf3 Rxd5 36. exd5 Rd8 37. Qd4 Qe5 38. Qb4 Rd7 39. Nd4 Kf7 40. Qxc3 Rc7 41. Qb4 Rc1+ 42. Kg2 Qe1 43. Qxb7+ Kg8 44. Kh3 Qxf2 45. Ne6 Qf1+ 46. Bg2 Qf5+ 47. Kh2 1-0

[Event "MPL-1 Indian Chess Tour 2022"]
[Site "Online"]
[Date "2022.03.31"]
[Round "4.2"]
[White "Iniyan, P."]
[Black "Sadhwani, Raunak"]
[Result "0-1"]
[ECO "E54"]
[WhiteElo "2516"]
[BlackElo "2616"]
[Annotator "ChessBase"]
[PlyCount "104"]
[EventDate "2022.03.30"]
[EventType "tourn"]
[EventCountry "NET"]
[SourceTitle "playchess.com"]
[Source "ChessBase"]
[SourceQuality "1"]
[TimeControl "5400+30"]

1. d4 Nf6 2. c4 e6 3. Nc3 Bb4 4. e3 O-O 5. Bd3 d5 6. Nf3 c5 7. O-O dxc4 8. Bxc4 cxd4 9. exd4 b6 10. Qe2 Bb7 11. Rd1 h6 12. Ne5 Nc6 13. Rd3 Ne7 14. Rg3 Nf5 15. Nxf7 Rxf7 16. Qxe6 Qe7 17. Qxe7 Bxe7 18. Rd3 Rd8 19. Bxf7+ Kxf7 20. Be3 Nd5 21. Nxd5 Bxd5 22. a3 g5 23. h3 Nh4 24. f3 Nf5 25. Bf2 Bd6 26. Rc1 h5 27. Rdd1 Rg8 28. Rf1 h4 29. Rfe1 Rd8 30. Rc3 Bf4 31. Rc2 a5 32. b4 axb4 33. axb4 Ra8 34. Kf1 Bd6 35. Rcc1 Ra2 36. Ra1 Rxa1 37. Rxa1 Bxb4 38. Ra7+ Ke6 39. Ke2 Bc4+ 40. Kd1 b5 41. Ra6+ Bd6 42. Ra8 Bf1 43. Rg8 Bf4 44. Rg6+ Kd5 45. Rf6 Ng3 46. Bxg3 hxg3 47. h4 Bxg2 48. hxg5 Bxf3+ 49. Ke1 g2 50. Kf2 Be3+ 51. Kxe3 g1=Q+ 52. Kxf3 Qxg5 0-1

[Event "MPL-1 Indian Chess Tour 2022"]
[Site "Online"]
[Date "2022.03.27"]
[Round "4.3"]
[White "Lalith Babu M R"]
[Black "Gukesh D"]
[Result "1-0"]
[ECO "D38"]
[WhiteElo "2563"]
[BlackElo "2614"]
[Annotator "ChessBase"]
[PlyCount "53"]
[EventDate "2022.03.30"]
[EventType "tourn"]
[EventCountry "NET"]
[SourceTitle "playchess.com"]
[Source "ChessBase"]
[SourceQuality "1"]
[TimeControl "5400+30"]

1. d4 Nf6 2. Nf3 d5 3. c4 e6 4. Nc3 Bb4 5. Qa4+ Nc6 6. e3 O-O 7. Bd2 Re8 8. Qc2 Bf8 9. a3 h6 10. O-O-O a5 11. g4 Nb4 12. axb4 axb4 13. Nb1 Ra1 14. g5 hxg5 15. Nxg5 b3 16. Qxb3 Bd7 17. Qxb7 Ba4 18. Bd3 Qd7 19. c5 e5 20. dxe5 Rxe5 21. Nf3 Rf5 22. Nd4 Rxf2 23. b3 Ra2 24. bxa4 Qe7 25. Qb3 Qxc5+ 26. Nc2 Ra1 27. Kb2 1-0

[Event "MPL-1 Indian Chess Tour 2022"]
[Site "Online"]
[Date "2022.03.27"]
[Round "4.4"]
[White "Puranik, Abhimanyu"]
[Black "Aryan Chopra"]
[Result "1-0"]
[ECO "D02"]
[WhiteElo "2618"]
[BlackElo "2585"]
[Annotator "ChessBase"]
[PlyCount "85"]
[EventDate "2022.03.30"]
[EventType "tourn"]
[EventCountry "NET"]
[SourceTitle "playchess.com"]
[Source "ChessBase"]
[SourceQuality "1"]
[TimeControl "5400+30"]

1. d4 Nf6 2. Nf3 e6 3. g3 c5 4. Bg2 cxd4 5. Nxd4 d5 6. O-O e5 7. Nb3 Be6 8. c4 Nc6 9. cxd5 Bxd5 10. Bg5 Bxg2 11. Kxg2 Qxd1 12. Rxd1 Ne4 13. Be3 Rd8 14. Rc1 Be7 15. Nc3 Nxc3 16. Rxc3 O-O 17. Rac1 f5 18. a3 Kf7 19. Bc5 Rfe8 20. e4 fxe4 21. Bxe7 Rxe7 22. Nc5 Rd2 23. b4 Nd4 24. Nxe4 Ra2 25. Rc7 Ne6 26. Nd6+ Kf6 27. Rxb7 Rxb7 28. Nxb7 Rxa3 29. Rc6 Ke7 30. Na5 Ra4 31. Ra6 Kf6 32. b5 Rb4 33. Rxa7 Rxb5 34. Nc4 h5 35. h4 Rb4 36. Nd6 Rb8 37. Ne4+ Kf5 38. f3 Rb2+ 39. Kh3 Rb6 40. Rd7 Nd4 41. Ng5 Kf6 42. f4 Ne6 43. Rf7+ 1-0

[Event "MPL-1 Indian Chess Tour 2022"]
[Site "Online"]
[Date "2022.03.27"]
[Round "4.5"]
[White "Sankalp Gupta"]
[Black "Karthikeyan, Murali"]
[Result "1/2-1/2"]
[ECO "D38"]
[WhiteElo "2536"]
[BlackElo "2622"]
[Annotator "ChessBase"]
[PlyCount "107"]
[EventDate "2022.03.30"]
[EventType "tourn"]
[EventCountry "NET"]
[SourceTitle "playchess.com"]
[Source "ChessBase"]
[SourceQuality "1"]
[TimeControl "5400+30"]

1. d4 Nf6 2. c4 e6 3. Nf3 d5 4. Nc3 Ne4 5. e3 Bb4 6. Qc2 c6 7. a3 Bxc3+ 8. bxc3 b6 9. Bd3 Ba6 10. O-O Nd6 11. cxd5 Bxd3 12. Qxd3 cxd5 13. Nd2 Nc6 14. c4 dxc4 15. Nxc4 Nxc4 16. Qxc4 Na5 17. Qb4 Qe7 18. Bd2 Qxb4 19. Bxb4 Nc4 20. Rfc1 Rc8 21. f3 Kd7 22. Kf2 a5 23. Be1 Nd6 24. Ke2 Rc4 25. Kd3 Rhc8 26. Rcb1 R8c6 27. a4 Kc7 28. e4 f5 29. Rb3 fxe4+ 30. fxe4 e5 31. Bc3 Nxe4 32. Kxe4 Rxc3 33. Rxc3 Rxc3 34. Kxe5 Rc2 35. g4 Rxh2 36. Rf1 Re2+ 37. Kd5 Re7 38. Rc1+ Kb7 39. g5 Rc7 40. Rh1 Rd7+ 41. Ke5 h6 42. gxh6 gxh6 43. Rxh6 Re7+ 44. Re6 Rxe6+ 45. Kxe6 b5 46. axb5 a4 47. d5 a3 48. d6 a2 49. d7 a1=Q 50. d8=Q Qe1+ 51. Kf7 Qf1+ 52. Ke8 Qxb5+ 53. Qd7+ Qxd7+ 54. Kxd7 1/2-1/2

[Event "MPL-1 Indian Chess Tour 2022"]
[Site "Online"]
[Date "2022.03.27"]
[Round "4.8"]
[White "Harika, Dronavalli"]
[Black "Ganguly, Surya Shekhar"]
[Result "0-1"]
[ECO "A18"]
[WhiteElo "2517"]
[BlackElo "2627"]
[Annotator "ChessBase"]
[PlyCount "98"]
[EventDate "2022.03.30"]
[EventType "tourn"]
[EventCountry "NET"]
[SourceTitle "playchess.com"]
[Source "ChessBase"]
[SourceQuality "1"]
[TimeControl "5400+30"]

1. c4 Nf6 2. Nc3 e6 3. e4 d5 4. e5 d4 5. exf6 dxc3 6. bxc3 Qxf6 7. Nf3 b6 8. g3 Bb7 9. Bg2 Bd6 10. O-O O-O 11. d4 h6 12. Rb1 Be4 13. Rb5 Nd7 14. a4 Rad8 15. a5 c6 16. Rb3 c5 17. Qe2 Bh7 18. axb6 axb6 19. Be3 e5 20. Rd1 Rfe8 21. Rb2 e4 22. Nd2 Qe7 23. Ra2 f5 24. Ra7 g5 25. dxc5 bxc5 26. Nb3 Qe6 27. Ra6 Nb8 28. Rb6 Qe7 29. Qh5 f4 30. Rdxd6 Rxd6 31. Rxd6 fxe3 32. fxe3 Qxd6 33. Qxe8+ Kg7 34. Nd2 Bg6 35. Qc8 Qxd2 36. Qxb8 Qxe3+ 37. Kf1 Qd3+ 38. Ke1 Qxc3+ 39. Kf1 Qxc4+ 40. Ke1 Qc3+ 41. Kf1 e3 42. Qc7+ Bf7 43. Bf3 Qb2 44. Be2 Qf6+ 45. Ke1 Qa1+ 46. Bd1 Qc3+ 47. Kf1 Qf6+ 48. Kg2 Qf2+ 49. Kh3 Qf1+ 0-1

[Event "MPL-1 Indian Chess Tour 2022"]
[Site "Online"]
[Date "2022.03.27"]
[Round "5.1"]
[White "Ganguly, Surya Shekhar"]
[Black "Sethuraman, S.P."]
[Result "1-0"]
[ECO "A11"]
[WhiteElo "2627"]
[BlackElo "2619"]
[Annotator "RC"]
[PlyCount "97"]
[EventDate "2022.03.30"]
[EventType "tourn"]
[EventCountry "NET"]
[SourceTitle "playchess.com"]
[Source "ChessBase"]
[SourceQuality "1"]
[TimeControl "5400+30"]

1. Nf3 d5 2. e3 Nf6 3. c4 c6 4. Nc3 e6 5. b3 Bd6 6. Bb2 e5 7. cxd5 cxd5 8. Nb5 Nc6 9. Nxd6+ Qxd6 10. Bb5 Nd7 11. O-O O-O 12. Rc1 a6 13. Bxc6 bxc6 14. Qc2 Bb7 15. d4 e4 16. Ne5 f6 17. Ba3 Qxa3 18. Nxd7 Rf7 19. Nc5 Bc8 20. Qc3 a5 21. Rc2 Qb4 22. Rfc1 Rc7 23. a3 Qb5 24. Rb2 Rb8 25. b4 a4 26. Qc2 Ra8 27. Qe2 Bf5 28. Qh5 Bg6 29. Qg4 Re7 30. h4 Be8 31. Qf4 Rd8 32. Rbc2 Qb8 33. Qxb8 Rxb8 34. Rc3 Ra8 35. f3 f5 36. Kf2 g6 37. Kg3 Kg7 38. Kf4 h6 39. fxe4 fxe4 40. g4 Bd7 41. Nxd7 Rxd7 42. Rxc6 Rf8+ 43. Ke5 Rf3 44. Rc7 Rdf7 45. R1c3 Rg3 46. b5 Rxg4 47. b6 Rg1 48. Rxf7+ Kxf7 49. Rc7+ 1-0

[Event "MPL-1 Indian Chess Tour 2022"]
[Site "Online"]
[Date "2022.03.27"]
[Round "5.2"]
[White "Mendonca, Leon Luke"]
[Black "Harika, Dronavalli"]
[Result "1/2-1/2"]
[ECO "A43"]
[WhiteElo "2536"]
[BlackElo "2517"]
[Annotator "RC"]
[PlyCount "56"]
[EventDate "2022.03.30"]
[EventType "tourn"]
[EventCountry "NET"]
[SourceTitle "playchess.com"]
[Source "ChessBase"]
[SourceQuality "1"]
[TimeControl "5400+30"]

1. d4 Nf6 2. Nf3 c5 3. d5 b5 4. e4 Nxe4 5. Bd3 Nd6 6. O-O Bb7 7. Re1 e6 8. Bf4 c4 9. Bf1 Be7 10. a4 a6 11. Nc3 b4 12. Na2 a5 13. Bxd6 Bxd6 14. Bxc4 O-O 15. Qd4 Be7 16. Rad1 Bf6 17. Qe4 Bxb2 18. h4 exd5 19. Bxd5 Bxd5 20. Rxd5 Ra6 21. Red1 Re8 22. Qd3 h6 23. Nc1 Bxc1 24. Rxc1 Rae6 25. Qf5 Rf6 26. Qd3 Rfe6 27. Qf5 Nc6 28. Qd3 Nb8 1/2-1/2

[Event "MPL-1 Indian Chess Tour 2022"]
[Site "Online"]
[Date "2022.03.27"]
[Round "5.4"]
[White "Karthikeyan, Murali"]
[Black "Erigaisi Arjun"]
[Result "0-1"]
[ECO "B30"]
[WhiteElo "2622"]
[BlackElo "2633"]
[Annotator "COMBH"]
[PlyCount "102"]
[EventDate "2022.03.30"]
[EventType "tourn"]
[EventCountry "NET"]
[SourceTitle "playchess.com"]
[Source "ChessBase"]
[SourceQuality "1"]
[TimeControl "5400+30"]

1. e4 c5 2. Nf3 e6 3. Nc3 Nc6 4. Bb5 Nge7 5. d4 cxd4 6. Nxd4 Nxd4 7. Qxd4 a6 8. Be2 Nc6 9. Qd3 Bc5 10. O-O b5 11. a3 d6 12. Be3 Bb7 13. Rad1 Qc7 14. Bf4 Rd8 15. Qg3 O-O 16. Rd2 Nd4 17. Bg4 e5 18. Be3 f5 19. exf5 Nxf5 20. Bxf5 Rxf5 21. Bxc5 Qxc5 22. Rfd1 Rf6 23. Qe3 Qxe3 24. fxe3 Kf7 25. a4 b4 26. Nd5 Bxd5 27. Rxd5 Ke7 28. h3 Rc8 29. R1d2 Rc6 30. R5d3 Rf8 31. Rb3 a5 32. c3 bxc3 33. Rb7+ Ke6 34. bxc3 g6 35. Rxh7 Rxc3 36. Rg7 Rf6 37. Ra7 Rxe3 38. Ra6 Kd7 39. Ra7+ Kc6 40. Ra6+ Kc7 41. Rxa5 e4 42. Rc2+ Kd7 43. Ra7+ Ke6 44. a5 Ra3 45. a6 Ke5 46. Ra8 e3 47. a7 Kd4 48. Rc1 Kd3 49. Rd8 Rxa7 50. Rd1+ Kc2 51. Rf1 e2 0-1

[Event "MPL-1 Indian Chess Tour 2022"]
[Site "Online"]
[Date "2022.03.31"]
[Round "5.7"]
[White "Sadhwani, Raunak"]
[Black "Lalith Babu M R"]
[Result "0-1"]
[ECO "B15"]
[WhiteElo "2616"]
[BlackElo "2563"]
[Annotator "RC"]
[PlyCount "96"]
[EventDate "2022.03.30"]
[EventType "tourn"]
[EventCountry "NET"]
[SourceTitle "playchess.com"]
[Source "ChessBase"]
[SourceQuality "1"]
[TimeControl "5400+30"]

1. e4 g6 2. d4 Bg7 3. Nc3 c6 4. f4 d5 5. e5 Nh6 6. Be2 f6 7. Nf3 Qb6 8. O-O Bg4 9. Na4 Qc7 10. h3 Bxf3 11. Bxf3 Nd7 12. g4 fxe5 13. fxe5 e6 14. Nc3 Nf7 15. Ne2 Qd8 16. c3 Qe7 17. Bg2 O-O 18. Qe1 c5 19. h4 cxd4 20. cxd4 Rac8 21. Bd2 Nd8 22. Rxf8+ Qxf8 23. Rc1 Rxc1 24. Qxc1 Nc6 25. Be3 Qb4 26. h5 g5 27. h6 Bxh6 28. b3 Bg7 29. Kh1 h6 30. Bf3 Nf8 31. Bf2 Ng6 32. Qc2 Nf8 33. Kg2 a6 34. Qb2 Ng6 35. Qc2 Nf8 36. Qb2 Qe7 37. Ng3 Ng6 38. Nh5 Qf7 39. Bg3 Bf8 40. Bd1 Be7 41. Qd2 Kf8 42. Bc2 Ke8 43. Bb1 Kd8 44. Qf2 Qxf2+ 45. Kxf2 Nh4 46. Ke3 Ba3 47. Bxh4 gxh4 48. Nf4 Bc1+ 0-1

[Event "MPL-1 Indian Chess Tour 2022"]
[Site "Online"]
[Date "2022.03.27"]
[Round "6.8"]
[White "Ganguly, Surya Shekhar"]
[Black "Mendonca, Leon Luke"]
[Result "1-0"]
[ECO "A11"]
[WhiteElo "2627"]
[BlackElo "2536"]
[Annotator "RC"]
[PlyCount "111"]
[EventDate "2022.03.30"]
[EventType "tourn"]
[EventCountry "NET"]
[SourceTitle "playchess.com"]
[Source "ChessBase"]
[SourceQuality "1"]
[TimeControl "5400+30"]

1. c4 e6 2. Nc3 d5 3. e3 Nf6 4. Nf3 c6 5. b3 Bd6 6. Bb2 O-O 7. Qc2 e5 8. cxd5 cxd5 9. Nb5 Nc6 10. Nxd6 Qxd6 11. Bb5 Bg4 12. Bxc6 Bxf3 13. gxf3 bxc6 14. Rc1 Rac8 15. Rg1 Rfe8 16. Qf5 d4 17. Kf1 g6 18. f4 exf4 19. Bxd4 Nd5 20. Rc5 fxe3 21. dxe3 Qxh2 22. Qf3 Qd6 23. Qh5 Qe6 24. Qxh7+ Kf8 25. Ra5 Ke7 26. Rg5 Kd8 27. Rxa7 Rc7 28. Re5 Qd7 29. Qh4+ f6 30. Rxe8+ Kxe8 31. Ra8+ Kf7 32. Qh7+ Ke6 33. Qxg6 Qf7 34. Re8+ Ne7 35. Qe4+ Kd7 36. Rh8 Qe6 37. Qxe6+ Kxe6 38. Rh6 Ng8 39. Rh5 Ne7 40. Ra5 Nf5 41. Ra7 Rc8 42. Bc5 Kd5 43. b4 Rh8 44. Ke2 Kc4 45. a4 Rh2 46. a5 Ng3+ 47. Kf3 Nf1 48. Rd7 Kc3 49. a6 Nd2+ 50. Kg3 Rh8 51. Kf4 Nc4 52. a7 Ne5 53. Rb7 Nd3+ 54. Kf5 Nxc5 55. bxc5 Ra8 56. Ke6 1-0

[Event "MPL-1 Indian Chess Tour 2022"]
[Site "Online"]
[Date "2022.03.27"]
[Round "8.1"]
[White "Sethuraman, S.P."]
[Black "Lalith Babu M R"]
[Result "0-1"]
[ECO "B15"]
[WhiteElo "2619"]
[BlackElo "2563"]
[Annotator "ChessBase"]
[PlyCount "98"]
[EventDate "2022.03.30"]
[EventType "tourn"]
[EventCountry "NET"]
[SourceTitle "playchess.com"]
[Source "ChessBase"]
[SourceQuality "1"]
[TimeControl "5400+30"]

1. e4 g6 2. d4 Bg7 3. Nc3 c6 4. f4 d5 5. e5 Qb6 6. Nf3 Bg4 7. Be2 Nh6 8. Na4 Qa5+ 9. c3 Nd7 10. b4 Qc7 11. Be3 b5 12. Nb2 Nf5 13. Bf2 h5 14. e6 fxe6 15. Nd3 Bxf3 16. Bxf3 a5 17. a3 axb4 18. axb4 O-O 19. O-O Qd6 20. Qe2 Rfb8 21. g3 Nb6 22. Rfe1 Rxa1 23. Rxa1 Na4 24. Qd2 Rf8 25. Re1 Kh7 26. Bd1 Ra8 27. Bc2 Qd7 28. h3 Rf8 29. g4 hxg4 30. hxg4 Nh6 31. Ne5 Bxe5 32. Rxe5 Nf7 33. Rh5+ Kg7 34. Qd3 Rg8 35. Rh3 Kf8 36. Qe2 Nd6 37. Qe5 Nf7 38. Qb8+ Kg7 39. Qxg8+ Kxg8 40. Bxg6 Qd6 41. Rf3 Qd8 42. Re3 Qf8 43. f5 exf5 44. Bxf5 Ng5 45. Bg3 e6 46. Bc2 Qh6 47. Kf2 Nxc3 48. Rxc3 Ne4+ 49. Bxe4 Qd2+ 0-1

[Event "MPL-1 Indian Chess Tour 2022"]
[Site "Online"]
[Date "2022.03.27"]
[Round "8.2"]
[White "Puranik, Abhimanyu"]
[Black "Iniyan, P."]
[Result "1-0"]
[ECO "A47"]
[WhiteElo "2618"]
[BlackElo "2516"]
[Annotator "ChessBase"]
[PlyCount "101"]
[EventDate "2022.03.30"]
[EventType "tourn"]
[EventCountry "NET"]
[SourceTitle "playchess.com"]
[Source "ChessBase"]
[SourceQuality "1"]
[TimeControl "5400+30"]

1. d4 Nf6 2. Nf3 e6 3. Bf4 b6 4. e3 Bb7 5. h3 Be7 6. Nbd2 O-O 7. Be2 c5 8. O-O Ba6 9. c4 Nc6 10. dxc5 bxc5 11. Ne5 Nxe5 12. Bxe5 d6 13. Bc3 Rb8 14. Re1 Bb7 15. Qc2 Qb6 16. Bd3 h6 17. Nf1 Qc6 18. e4 Nd7 19. f4 Bf6 20. e5 Bh4 21. Re2 d5 22. cxd5 exd5 23. b3 Rfe8 24. Be1 Bd8 25. Ne3 Bb6 26. Kh2 Bc7 27. Rd1 d4 28. Nf5 Kh8 29. Bg3 f6 30. Rde1 fxe5 31. fxe5 Re6 32. Bc4 Ba6 33. Bxe6 Qxe6 34. Rf2 Ba5 35. Re4 d3 36. Qd1 Rf8 37. Nd6 Rxf2 38. Bxf2 Nxe5 39. Bg3 Qxd6 40. Bxe5 Qd7 41. Qh5 Bc7 42. Bxc7 Qxc7+ 43. Kg1 Bb5 44. a4 Bc6 45. Qxc5 d2 46. Rd4 Qg3 47. Rd8+ Be8 48. Rxe8+ Kh7 49. Qf5+ Qg6 50. Qxg6+ Kxg6 51. Rd8 1-0

[Event "MPL-1 Indian Chess Tour 2022"]
[Site "Online"]
[Date "2022.03.27"]
[Round "8.7"]
[White "Ganguly, Surya Shekhar"]
[Black "Karthikeyan, Murali"]
[Result "0-1"]
[ECO "E94"]
[WhiteElo "2627"]
[BlackElo "2622"]
[Annotator "ChessBase"]
[PlyCount "89"]
[EventDate "2022.03.30"]
[EventType "tourn"]
[EventCountry "NET"]
[SourceTitle "playchess.com"]
[Source "ChessBase"]
[SourceQuality "1"]
[TimeControl "5400+30"]

1. Nf3 Nf6 2. c4 g6 3. Nc3 Bg7 4. e4 d6 5. d4 O-O 6. Be2 e5 7. O-O Na6 8. Re1 exd4 9. Nxd4 Re8 10. Bf1 c6 11. f3 Qb6 12. Na4 Qc7 13. Bg5 Nc5 14. Nxc5 dxc5 15. Ne2 Nd7 16. Bf4 Qb6 17. Rb1 Nf8 18. Be3 Ne6 19. b4 Qa6 20. bxc5 Qxa2 21. Qc1 Qa5 22. Ng3 Nxc5 23. Bh6 Qc3 24. Qg5 Ne6 25. Qh4 Bxh6 26. Qxh6 Qe5 27. Qc1 a5 28. Ne2 a4 29. Kh1 a3 30. f4 Qxe4 31. Ng3 Qd4 32. f5 Ng7 33. Rd1 Qe5 34. fxg6 hxg6 35. Ra1 Bg4 36. Rd2 Qe3 37. Qc2 Nf5 38. Ne2 Bxe2 39. Rxe2 Nd4 40. Rxe3 Nxc2 41. Rxe8+ Rxe8 42. Ra2 Ne3 43. Kg1 Nxf1 44. Kxf1 Re3 45. c5 0-1

[Event "MPL-1 Indian Chess Tour 2022"]
[Site "Online"]
[Date "2022.03.27"]
[Round "9.7"]
[White "Iniyan, P."]
[Black "Sankalp Gupta"]
[Result "0-1"]
[ECO "D10"]
[WhiteElo "2516"]
[BlackElo "2536"]
[Annotator "RC"]
[PlyCount "210"]
[EventDate "2022.03.30"]
[EventType "tourn"]
[EventCountry "NET"]
[SourceTitle "playchess.com"]
[Source "ChessBase"]
[SourceQuality "1"]
[TimeControl "5400+30"]

1. d4 d5 2. c4 dxc4 3. e4 b5 4. a4 c6 5. Nc3 b4 6. Na2 Nf6 7. e5 Nd5 8. Bxc4 e6 9. Nf3 Be7 10. O-O O-O 11. Qe2 a5 12. Bd2 Ba6 13. Bxa6 Nxa6 14. Nc1 c5 15. Nb3 cxd4 16. Nfxd4 Nc5 17. Qg4 Kh8 18. Nxc5 Bxc5 19. Nf3 Rc8 20. h4 Be7 21. Ng5 Bxg5 22. hxg5 Qc7 23. Rad1 Qxe5 24. b3 Qb2 25. Bc1 Qxb3 26. g6 Nf6 27. Qg5 fxg6 28. Qxa5 Ra8 29. Qc5 Qxa4 30. Rd4 Nd5 31. Re4 Qd7 32. Qd4 Kg8 33. Bb2 Rfe8 34. Rfe1 Ra6 35. Qd3 Rc6 36. Rxb4 Rb6 37. Rxb6 Nxb6 38. Qb3 Nd5 39. Be5 Qf7 40. Ra1 h6 41. Qb2 Kh7 42. Bd4 Re7 43. Re1 Rd7 44. Re4 Ne7 45. Qe2 Nf5 46. Bb2 Rb7 47. Be5 Qd7 48. Kh2 Qd5 49. g4 Rb1 50. Qc2 Nd6 51. Bxd6 Qxd6+ 52. Kg2 Rb6 53. Qc4 Rc6 54. Qb3 Qd5 55. Qxd5 exd5 56. Rd4 Rc4 57. Rxd5 Rxg4+ 58. Kh3 Rf4 59. Kg3 Rf6 60. Rc5 g5 61. Rb5 Kg6 62. Ra5 Rb6 63. Ra8 Rb3+ 64. Kg2 Rb6 65. Ra5 Kh5 66. Ra7 g6 67. Ra5 Kg4 68. Ra4+ Kf5 69. Ra5+ Kf6 70. Ra8 Re6 71. Rf8+ Ke5 72. Kg3 h5 73. Rf7 Rf6 74. Re7+ Kf5 75. Ra7 g4 76. Ra5+ Ke6 77. Ra6+ Kf7 78. Ra7+ Kg8 79. Ra2 Kg7 80. Rb2 Kh6 81. Rb8 Kg5 82. Rb5+ Rf5 83. Rb6 h4+ 84. Kg2 Ra5 85. Rb2 Rc5 86. Ra2 Rb5 87. Rc2 Rb3 88. Rc5+ Kh6 89. Rc4 Kh5 90. Rc5+ g5 91. Rc2 Ra3 92. Rb2 Rc3 93. Ra2 h3+ 94. Kh2 Rf3 95. Kg1 g3 96. fxg3 Rxg3+ 97. Kh2 Rg2+ 98. Rxg2 hxg2 99. Kg1 Kh4 100. Kh2 g1=Q+ 101. Kxg1 Kg3 102. Kh1 g4 103. Kg1 Kh3 104. Kh1 g3 105. Kg1 g2 0-1

[Event "MPL-1 Indian Chess Tour 2022"]
[Site "Online"]
[Date "2022.03.27"]
[Round "9.8"]
[White "Lalith Babu M R"]
[Black "Puranik, Abhimanyu"]
[Result "0-1"]
[ECO "A36"]
[WhiteElo "2563"]
[BlackElo "2618"]
[Annotator "RC"]
[PlyCount "144"]
[EventDate "2022.03.30"]
[EventType "tourn"]
[EventCountry "NET"]
[SourceTitle "playchess.com"]
[Source "ChessBase"]
[SourceQuality "1"]
[TimeControl "5400+30"]

1. c4 c5 2. Nc3 Nf6 3. g3 Nc6 4. Bg2 g6 5. a3 Bg7 6. Rb1 e6 7. b4 cxb4 8. axb4 d5 9. b5 Ne7 10. cxd5 exd5 11. d3 d4 12. Na4 Nfd5 13. Nf3 Qa5+ 14. Bd2 Nc3 15. Bxc3 dxc3 16. O-O O-O 17. Qc2 Nd5 18. d4 Bg4 19. e4 Bxf3 20. Bxf3 Nb6 21. Nxb6 Qxb6 22. Qxc3 Bxd4 23. Qb3 Rac8 24. e5 Rc5 25. Bd5 Bxe5 26. Rfe1 Bf6 27. Qf3 Kg7 28. Bxb7 Rf5 29. Qg2 Rxf2 30. Qc6 Qd4 31. Qd5 h5 32. Qxd4 Bxd4 33. Kh1 h4 34. Re4 Bf6 35. Kg1 hxg3 36. hxg3 Rd2 37. Rbe1 Bd4+ 38. Kf1 Rf2+ 39. Kg1 Bb6 40. Kh1 Rh8+ 41. Rh4 Rxh4+ 42. gxh4 Kh6 43. Re5 Rf4 44. Kg2 Rxh4 45. Bc6 Rf4 46. Re8 f5 47. Rg8 Rf2+ 48. Kg3 Rd2 49. Rh8+ Kg5 50. Rg8 Bf2+ 51. Kf3 Bb6 52. Kg3 Rd8 53. Rg7 Kf6 54. Rh7 Rd3+ 55. Kg2 g5 56. Rh8 Rd2+ 57. Kf1 g4 58. Rf8+ Ke5 59. Bb7 g3 60. Rg8 Rf2+ 61. Ke1 f4 62. Re8+ Kd6 63. Rg8 Ba5+ 64. Kd1 Kc5 65. Rg5+ Kb4 66. Bc6 Bb6 67. Ke1 Kc3 68. Rg7 Ra2 69. Kf1 Rf2+ 70. Ke1 Bd4 71. Rg8 Kd3 72. Rg6 Bc3+ 0-1

[Event "MPL-1 Indian Chess Tour 2022"]
[Site "Online"]
[Date "2022.03.27"]
[Round "10.1"]
[White "Sethuraman, S.P."]
[Black "Puranik, Abhimanyu"]
[Result "1/2-1/2"]
[ECO "C77"]
[WhiteElo "2619"]
[BlackElo "2618"]
[Annotator "RC"]
[PlyCount "152"]
[EventDate "2022.03.30"]
[EventType "tourn"]
[EventCountry "NET"]
[SourceTitle "playchess.com"]
[Source "ChessBase"]
[SourceQuality "1"]
[TimeControl "5400+30"]

1. e4 e5 2. Nf3 Nc6 3. Bb5 a6 4. Ba4 Nf6 5. d3 Bc5 6. c3 b5 7. Bb3 d6 8. Bg5 h6 9. Bh4 g5 10. Bg3 Bb6 11. a4 Rb8 12. O-O Qe7 13. Re1 h5 14. h4 Bg4 15. axb5 axb5 16. Nbd2 Rg8 17. d4 Kf8 18. Qc2 gxh4 19. Bxh4 exd4 20. e5 dxe5 21. Ng5 Qd7 22. Nde4 Nxe4 23. Qxe4 f5 24. Qd5 Qxd5 25. Bxd5 Rg6 26. Bxc6 Rxc6 27. Rxe5 d3 28. Kh2 Be2 29. Ne6+ Kg8 30. Nf4 Rc4 31. Bg5 Bc5 32. g3 Bd6 33. Rxf5 Re8 34. Nxe2 Rxe2 35. Rd1 h4 36. Kh3 hxg3 37. fxg3 Rxb2 38. Rxd3 Rc2 39. Bd2 Re4 40. Rxb5 Ra2 41. Rf5 Kg7 42. Be3 Kg6 43. Rg5+ Kf6 44. Rg4 Rxg4 45. Kxg4 Be5 46. Bd4 Ra4 47. Kf3 Rc4 48. Bxe5+ Kxe5 49. Re3+ Kf5 50. Ke2 c5 51. Kd3 Rg4 52. Kc2 Kf6 53. Kb3 Kf5 54. Kc2 Kf6 55. Kd3 Kf5 56. Ke2 Rc4 57. Kf3 Kg5 58. Rd3 Kf5 59. Ke2 Kf6 60. Kd2 Rg4 61. Kc2 Ke5 62. Re3+ Kf5 63. Kb3 Kf6 64. Rf3+ Ke5 65. Kc2 Ke4 66. Rd3 Ke5 67. Kd2 Ke6 68. Rf3 Ke5 69. Ke2 Ke4 70. Kf2 Ke5 71. Kf1 Rg8 72. Kg2 Ke4 73. Rf4+ Kd3 74. Rf3+ Ke4 75. Kf2 Rg4 76. Kg2 Rg8 1/2-1/2